 Dungeon Crawl Stone Soup version 0.29.1-14-g9c671dbff4 (webtiles) character file.

Game seed: 4891934837955842279

1449 fleeber the Carver (level 8, -1/60 HPs)
             Began as a Merfolk Gladiator on Feb 20, 2023.
             Slain by an ogre
             ... wielding a +0 giant club
              (16 damage)
             ... on level 6 of the Dungeon.
             The game lasted 00:17:27 (5618 turns).

fleeber the Carver (Merfolk Gladiator)              Turns: 5618, Time: 00:17:27

Health: -1/60      AC:  9    Str: 15    XL:     8   Next: 75%
Magic:  13/13      EV: 12    Int:  7    God:
Gold:   268        SH:  8    Dex: 17    Spells: 14/14 levels left

rFire   . . .      SeeInvis .   a - +0 long sword
rCold   . . .      Faith    .   h - +1 kite shield
rNeg    . . .      Spirit   .   b - +0 leather armour
rPois   .          Reflect  .   c - +1 helmet
rElec   .          Harm     .   n - +0 cloak
rCorr   .          Rampage  .   m - +2 pair of gloves
Will    +....                   (no boots)
Stlth   +.........              (no amulet)
HPRegen 0.20/turn               y - ring of willpower
MPRegen 0.13/turn               (no ring)

@: no status effects
A: (nimble swimmer 2), mertail
a: no special abilities


You were on level 6 of the Dungeon.
You visited 1 branch of the dungeon, and saw 6 of its levels.

You collected 268 gold pieces.

Inventory:

Hand Weapons
 a - a +0 long sword (weapon)
Missiles
 d - 4 throwing nets
 f - 12 atropa-tipped darts
 r - 8 boomerangs (quivered)
Armour
 b - a +0 leather armour (worn)
 c - a +1 helmet (worn)
 h - a +1 kite shield (worn)
 m - a +2 pair of gloves (worn)
 n - a +0 cloak (worn)
Jewellery
 y - a ring of willpower (left hand)
Wands
 v - a wand of light (3)
Scrolls
 j - a scroll of immolation {unknown}
 k - a scroll of amnesia {unknown}
 l - a scroll of vulnerability {unknown}
 o - a scroll of teleportation
 s - a scroll of blinking {unknown}
 t - 3 scrolls of noise
Potions
 e - a potion of might {unknown}
 g - 2 potions of berserk rage
 p - 2 potions of flight
 q - a potion of haste {unknown}
 w - 2 potions of attraction {unknown}
 x - 3 potions of curing
 z - 2 potions of degeneration {unknown}
 A - a potion of mutation {unknown}


   Skills:
 - Level 4.2 Fighting
 * Level 9.9 Long Blades
 - Level 2.0 Throwing
 - Level 5.9 Dodging
 + Level 3.6 Spellcasting
 - Level 4.0 Transmutations


You had 14 spell levels left.
You didn't know any spells.
Your spell library contained the following spells:

 Spells                   Type           Power      Damage    Failure   Level
 Beastly Appendage        Tmut           12%        N/A       28%         1
 Wereblood                Tmut           6%         N/A       41%         2
 Magic Dart               Conj           4%         1d3       83%         1
 Slow                     Hex            4%         N/A       83%         1
 Spider Form              Tmut/Pois      4%         N/A       89%         3
 Blink                    Tloc           2%         N/A       92%         2
 Call Imp                 Summ           1%         N/A       92%         2
 Confusing Touch          Hex            1%         N/A       99%         3
 Lesser Beckoning         Tloc           1%         N/A       99%         3
 Mephitic Cloud           Conj/Pois/Air  1%         N/A       99%         3
 Ozocubu's Armour         Ice            1%         N/A       99%         3
 Stone Arrow              Conj/Erth      2%         3d7       99%         3
 Vampiric Draining        Necr           1%         2d6       99%         3
 Animate Armour           Summ/Erth      2%         N/A       100%        4
 Manifold Assault         Tloc           1%         N/A       100%        5
 Summon Forest            Summ/Tloc      0%         N/A       100%        5
 Summon Mana Viper        Hex/Summ       1%         N/A       100%        5
 Summon Cactus Giant      Summ           0%         N/A       100%        6
 Ozocubu's Refrigeration  Ice            0%         4d7       100%        7
 Lehudib's Crystal Spear  Conj/Erth      0%         10d2      100%        8


Dungeon Overview and Level Annotations

Branches:
Dungeon (6/15)
 Temple: D:4-7

Altars:
Ashenzari
Nemelex Xobeh
Xom
Zin

Annotations:
D:4 2 runed translucent doors, nalyd1's ghost, novice DjCj
D:5 exclusion: 2 downstairs


Innate Abilities, Weirdness & Mutations

((You are very nimble when in or above water. (Stealth+, EV+, Speed+++)))
Your lower body shifts to a powerful aquatic tail in water.


Message History

You are more poisoned.
The killer bee poisons you! You block the killer bee's attack.
You barely miss the killer bee.
The killer bee is heavily wounded.
You feel very sick.
The killer bee stings you but does no damage.
You block the killer bee's attack.
The killer bee stings you but does no damage.
The killer bee stings you. The killer bee barely misses you.
The killer bee closely misses you.
You hit the killer bee.
The killer bee is heavily wounded.
You feel very sick.
The killer bee stings you but does no damage.
The killer bee closely misses you. x2; You block the killer bee's attack. x3
As you read the scroll of teleportation, it crumbles to dust.
You feel strangely unstable.
You feel very sick.
The killer bee stings you but does no damage.
The killer bee stings you.
You are more poisoned.
The killer bee poisons you! You block the killer bee's attack. x2
The killer bee barely misses you. The killer bee stings you.
* * * LOW HITPOINT WARNING * * *
* * * LOW HITPOINT WARNING * * *
You feel very sick.
You block the killer bee's attack. x2; The killer bee stings you.
* * * LOW HITPOINT WARNING * * *
The killer bee stings you but does no damage. x2
The killer bee attacks as you move away!
You block the killer bee's attack.
Your surroundings suddenly seem different.
A killer bee comes into view.
Found a stone and 21 gold pieces.
* * * LOW HITPOINT WARNING * * *
You feel very sick.
You feel better.
The killer bee buzzes angrily.
The ogre hits you with a +0 giant club!
You die...

##### .# # ...<#
.#.#########
.######...........#
.##...'...........#
###.###..........$#
....# ....y......#
....# ...........#
.##.# ...........#
....###........O@.#
#.....+...........#
#..####...........#
#>.# .....(...#
#.## ##.l.##### #.#
#... ### #.. #..


You could see an ogre, an iguana (wandering) and a killer bee.

Vanquished Creatures
  Sigmund (D:6)
  3 black bears
  An ogre (D:6)
  A centaur (D:4)
  A phantom (D:5)
  A necrophage (D:5)
  4 scorpions
  3 howler monkeys (D:5)
  3 hounds
  A jelly (D:4)
  A gnoll bouda (D:5)
  2 iguanas
  4 gnolls
  8 adders
  5 worms
  3 dart slugs
  An orc (D:4)
  5 ball pythons
  4 bats
  7 endoplasms
  3 hobgoblins
  6 jackals
  6 kobolds
  2 quokkas (D:2)
  3 frilled lizards
  5 goblins
  2 rats
86 creatures vanquished.

Notes
Turn   | Place    | Note
-------+----------+-------------------------------------------
     0 | D:1      | fleeber the Merfolk Gladiator began the quest for the Orb.
     0 | D:1      | Reached XP level 1. HP: 16/16 MP: 1/1
    27 | D:1      | Reached skill level 4 in Long Blades
    27 | D:1      | Reached XP level 2. HP: 19/23 MP: 2/2
   154 | D:1      | Found a faded altar of an unknown god.
   852 | D:2      | Reached XP level 3. HP: 28/28 MP: 3/3
  1481 | D:2      | Reached XP level 4. HP: 35/35 MP: 4/4
  2169 | D:3      | Reached skill level 5 in Long Blades
  2672 | D:4      | Reached skill level 5 in Dodging
  2672 | D:4      | Reached XP level 5. HP: 28/41 MP: 5/5
  2778 | D:4      | Noticed a centaur
  2862 | D:4      | Noticed a black bear
  2879 | D:4      | Killed a black bear
  2880 | D:4      | Reached skill level 6 in Long Blades
  2880 | D:4      | Reached XP level 6. HP: 48/48 MP: 6/6
  3293 | D:4      | Reached XP level 7. HP: 46/54 MP: 7/7
  3361 | D:4      | Found a large runed translucent door.
  3366 | D:4      | Reached skill level 7 in Long Blades
  3368 | D:4      | Found a large runed translucent door.
  3375 | D:4      | Noticed nalyd1's ghost (novice DjCj)
  3457 | D:4      | Reached skill level 1 in Transmutations
  3677 | D:4      | Reached skill level 1 in Spellcasting
  3806 | D:5      | Entered Level 5 of the Dungeon
  4038 | D:5      | Reached skill level 8 in Long Blades
  4219 | D:5      | Found a shimmering altar of Xom.
  4307 | D:5      | Reached XP level 8. HP: 60/60 MP: 11/11
  4724 | D:5      | Found a sparkling altar of Nemelex Xobeh.
  4724 | D:5      | Found a faded altar of an unknown god.
  4734 | D:5      | Found a broken altar of Ashenzari.
  4736 | D:5      | Found a faded altar of an unknown god.
  4738 | D:5      | Found a glowing silver altar of Zin.
  5254 | D:6      | Noticed Sigmund
  5275 | D:5      | Reached skill level 9 in Long Blades
  5515 | D:6      | Killed Sigmund
  5618 | D:6      | Slain by an ogre

Illustrated notes

Levels and vault maps discovered:
D:1:      scummos_arrival_hexagon, layout_rooms, basic_ecumenical_altar,
          serial_bayou_crossing
D:2:      layout_basic
D:3:      layout_basic, minmay_crystal_room
D:4:      layout_basic, ebering_ghost_disaster_area
D:5:      layout_gridville, mainiacjoe_overflow_cross_hatched,
          chequers_temple_overflow_minitemple, minmay_misc_feat_pillars
D:6:      layout_basic, uniq_sigmund

Skill      XL: |  1  2  3  4  5  6  7  8 |
---------------+-------------------------+-----
Long Blades    | 4 5 6 8 9 |  9.9
Fighting       | 3 4 |  4.2
Dodging        | 5 |  5.9
Transmutations | 3 4 |  4.0
Spellcasting   | 2 3 |  3.6
Throwing       | |  2.0

Action                   |  1- 3 |  4- 6 |  7- 9 || total
-------------------------+-------+-------+-------++-------
Melee: Long sword        |   102 |    76 |   162 ||   340
Throw: Boomerang         |       |     3 |    10 ||    13
       Dart              |       |     3 |     3 ||     6
       Javelin           |       |       |     1 ||     1
  Use: Scroll            |       |       |    11 ||    11
       Potion            |       |       |     2 ||     2
 Stab: Sleeping          |     2 |       |     2 ||     4
       Invisible         |       |       |     1 ||     1
Armor: Leather armour    |    39 |    31 |    52 ||   122
Dodge: Dodged            |    47 |    49 |    87 ||   183
Block: Kite shield       |    33 |    35 |    92 ||   160
